 Dungeon Sprint DCSS version 0.17-b1-36-g7b1967c (webtiles) character file.

46 hexophile the Grappler (level 3, -5/31 HPs)
             Began as a Ghoul Monk on Nov 6, 2015.
             Slain by an orc
             ... wielding a +0 flail
              (11 damage)
             ... in the Dungeon (Sprint IX: "|||||||||||||||||||||||||||||").
             The game lasted 00:00:28 (55 turns).

hexophile the Grappler (Ghoul Monk)                   Turns: 55, Time: 00:00:28

Health: -5/31      AC:  2    Str: 15    XL:     3   Next: 66%
Magic:  2/2        EV: 12    Int:  5    God:
Gold:   0          SH:  0    Dex: 11    Spells: 0 memorised, 2 levels left

rFire  . . .     SeeInvis .       - Unarmed
rCold  + . .     Clarity  .     a - +0 robe
rNeg   + + +     SustAt   .     (no shield)
rPois  ∞         Gourm    .     (no helmet)
rElec  .         Spirit   .     (no cloak)
rCorr  .         Warding  .     (no gloves)
rMut   .         NoTele   +     (no boots)
MR     .....                    (no amulet)
Stlth  ++........               (no ring)
                                (no ring)

@: very slightly contaminated, rotting, not resistant to hostile enchantments,
unstealthy
A: rotting body, claws 1, carnivore 3, cold resistance 1, negative energy
resistance 3, slow regeneration 1, torment resistance, unbreathing
a: no special abilities


You were in the Dungeon.
You were not hungry.

You visited 1 branch


Innate Abilities, Weirdness & Mutations

Your body is rotting away.
You thrive on raw meat.
You are immune to poison.
You have sharp fingernails.
You are carnivorous and can eat meat at any time.
Your flesh is cold resistant.
You are immune to negative energy.
You regenerate slowly when monsters are visible.
You are immune to unholy pain and torment.
You can survive without breathing.

Inventory:

Armour
 a - a +0 robe (worn)
Potions
 c - a potion of curing
 e - a potion of haste
 f - 2 potions of magic
 g - a potion of berserk rage
Comestibles
 b - a meat ration


You had 2 spell levels left.
You didn't know any spells.


   Skills:
 - Level 3.2 Fighting
 - Level 2.6 Dodging
 - Level 2.1 Stealth
 + Level 8.8 Unarmed Combat

Dungeon Overview and Level Annotations

Branches:
Dungeon (1/1)

Altars:
Kikubaaqudgha
Makhleb
Okawaru
Sif Muna
Trog
Vehumet
Xom
Yredelemnul
Zin
The Shining One

Vault maps used:
D:        linesprint
You       could see an orc.


Message History

You barely miss something. Something completely misses you.
You scratch something.
An orc wizard appears from thin air!
Reactivating autopickup.
The orc wizard hits you with a dagger.
You lost 4 HP.
You have now: 22/26 HP.
You scratch the orc wizard but do no damage.
Your claw misses the orc wizard.
The orc wizard is heavily wounded.
The orc wizard hits you but does no damage.
You claw the orc wizard!
The orc wizard is almost dead.
You closely miss the orc wizard.
The orc wizard is almost dead.
The orc wizard hits you with a dagger.
You barely miss the orc wizard.
The orc wizard is almost dead.
The orc wizard hits you but does no damage.
Unknown command.
You claw the orc wizard!
You kill the orc wizard!
Your Unarmed Combat skill increases to level 8!
You have reached level 3!
Your experience leads to an increase in your attributes!
Increase (S)trength, (I)ntelligence, or (D)exterity?
You feel stronger.
You got additional 5 HP.
The orc barely misses you.
There is a glowing golden altar of the Shining One here.
Things that are here:
a dagger; a robe You scratch the orc.
The orc is heavily wounded.
The orc hits you with a flail! !MASSIVE DAMAGE!
YOU LOST 8 HP!
You have now: 14/31 HP.
You scratch the orc but do no damage.
The orc is heavily wounded.
The orc misses you.
You scratch the orc.
The orc is severely wounded.
You barely miss the orc.
The orc is severely wounded.
The orc hits you with a flail!
* * * LOW HITPOINT WARNING * * *
!MASSIVE DAMAGE!
YOU LOST 8 HP!
You have now: 6/31 HP.
You closely miss the orc.
The orc is severely wounded.
The orc hits you with a flail!
You die...

Action                   || total
-------------------------++-------
Melee: Unarmed           ||    34
  Use: Scroll            ||     1
       Potion            ||     1
 Stab: Distracted        ||     1

Notes
Turn   | Place    | Note
--------------------------------------------------------------
     0 | D        | hexophile the Ghoul Monk began the quest for the Orb.
     0 | D        | Reached XP level 1. HP: 19/19 MP: 0/0
     8 | D        | Reached skill level 5 in Unarmed Combat
    18 | D        | Noticed an orc wizard
    32 | D        | Found a glowing silver altar of Zin.
    32 | D        | Found a glowing golden altar of the Shining One.
    32 | D        | Found an ancient bone altar of Kikubaaqudgha.
    32 | D        | Found a basalt altar of Yredelemnul.
    32 | D        | Found a shimmering altar of Xom.
    32 | D        | Found a radiant altar of Vehumet.
    33 | D        | Found an iron altar of Okawaru.
    34 | D        | Found a burning altar of Makhleb.
    35 | D        | Found a deep blue altar of Sif Muna.
    36 | D        | Found a bloodstained altar of Trog.
    41 | D        | Reached skill level 7 in Unarmed Combat
    41 | D        | Reached XP level 2. HP: 26/26 MP: 1/1
    49 | D        | Killed an orc wizard
    49 | D        | Reached skill level 8 in Unarmed Combat
    49 | D        | Reached XP level 3. HP: 22/31 MP: 2/2
    55 | D        | Slain by an orc

Table legend:
 A = Turns spent in this place as a percentage of turns spent in the entire game.
 B = Non-inter-level travel turns spent in this place as a percentage of non-inter-level travel turns spent in the entire game.
 C = Inter-level travel turns spent in this place as a percentage of turns spent in this place.
 D = Turns resting spent in this place as a percentage of non-inter-level travel turns spent in this place.
 E = Turns spent auto-exploring this place as a percentage of non-inter-level travel turns spent in this place.
 F = Non-inter-level travel turns spent in this place divided by the number of levels of this place that you've seen.
                   A       B       C       D       E      F
               +-------+-------+-------+-------+-------+----------------------
         Total | 100.0 | 100.0 |   0.0 |   0.0 |   0.0 |  58.0
       Dungeon | 100.0 | 100.0 |   0.0 |   0.0 |   0.0 |  58.0
               +-------+-------+-------+-------+-------+----------------------

Table legend:
 A = Kills in this place as a percentage of kills in entire the game.
 B = Kills by you in this place as a percentage of kills by you in the entire game.
 C = Kills by friends in this place as a percentage of kills by friends in the entire game.
 D = Other kills in this place as a percentage of other kills in the entire game.
 E = Experience gained in this place as a percentage of experience gained in the entire game.
 F = Experience gained in this place divided by the number of levels of this place that you have seen.
                   A       B       C       D       E      F
               +-------+-------+-------+-------+-------+----------------------
         Total | 100.0 | 100.0 |  -nan |  -nan | 100.0 |  66.0
       Dungeon | 100.0 | 100.0 |  -nan |  -nan | 100.0 |  66.0
               +-------+-------+-------+-------+-------+----------------------

Vanquished Creatures
  An orc wizard (D)
  An adder (D)
  A giant cockroach (D)
  A hobgoblin (D)
  A bat (D)
  2 giant newts (D)
  A goblin (D)
  A quokka skeleton (D)
9 creatures vanquished.
